[ AOE2 MATCH · #505202627 ]
UnrankedBohemians vs Celts
Player's team · LOSS
Rival team · WIN
[ REPLAY ANALYSIS · EXTRACTED FROM THE RECORDED GAME ]
Feudal
—
Castle
—
Imperial
—
| APM avg | 41.8 |
| APM peak | 109 |
| eAPM avg | 23.2 |
| Villagers / military | 143 / 81 |
Focus
⚔️ 21.6% · 🌾 78.4%
Skirmisher ×53 · Bombard Cannon ×11 · Monk ×5 · Knight ×5 · Archer ×4 · Scout Cavalry ×2
Feudal
—
Castle
—
Imperial
—
| APM avg | 53.4 |
| APM peak | 114 |
| eAPM avg | 19.1 |
| Villagers / military | 124 / 252 |
Focus
⚔️ 20.5% · 🌾 79.5%
Spearman ×115 · Skirmisher ×85 · Scorpion ×47 · Trebuchet (Packed) ×3 · Monk ×2
Match map
Initial resources + every placement click. Lines = walls · curves = elevation contours. ◆ gold · ⬟ stone · ● berries · ✦ relic · ◌ wall gap
Your base· ✓ Closed at 12:18 · 0t walls · 2 gate(s)
Lord6's base· ✓ Closed at 14:41 · 0t walls · 3 gate(s)
Smoothed initial terrain · ◌ = detected wall gap · hover for details
Inputs per minute
— ManyKitten76428 - - Lord6
Build order — ManyKitten76428
First 150 of 378 actions detected
| 0:01 | Queue | Villager (Male) |
| 0:02 | Queue | Villager (Male) |
| 0:02 | Queue | Villager (Male) |
| 0:02 | Queue | Villager (Male) |
| 0:02 | Queue | Villager (Male) |
| 0:02 | Queue | Villager (Male) |
| 0:04 | Build | House |
| 0:07 | Build | House |
| 1:24 | Queue | Villager (Male) |
| 1:56 | Queue | Villager (Male) |
| 2:23 | Queue | Villager (Male) |
| 2:23 | Queue | Villager (Male) |
| 2:38 | Queue | Villager (Male) |
| 3:11 | Build | Lumber Camp |
| 3:17 | Queue | Villager (Male) |
| 3:17 | Queue | Villager (Male) |
| 3:29 | Queue | Villager (Male) |
| 4:04 | Queue | Villager (Male) |
| 4:17 | Build | House |
| 4:33 | Queue | Villager (Male) |
| 4:33 | Queue | Villager (Male) |
| 4:34 | Queue | Villager (Male) |
| 5:43 | Build | House |
| 5:44 | Build | House |
| 6:25 | Queue | Villager (Male) |
| 6:25 | Queue | Villager (Male) |
| 6:45 | Build | House |
| 6:53 | Build | Mining Camp |
| 7:06 | Queue | Villager (Male) |
| 8:10 | Queue | Villager (Male) |
| 8:11 | Queue | Villager (Male) |
| 8:17 | Build | Mill |
| 8:52 | Research | Feudal Age |
| 9:25 | Research | Loom |
| 10:47 | Build | Barracks |
| 11:23 | Build | Blacksmith |
| 11:34 | Build | Market |
| 11:42 | Queue | Villager (Male) |
| 12:00 | Build | Farm |
| 12:18 | Research | Castle Age |
| 12:18 | Research | Castle Age |
| 12:56 | Build | Stable |
| 13:08 | Queue | Villager (Male) |
| 13:08 | Queue | Villager (Male) |
| 14:05 | Queue | Scout Cavalry |
| 14:05 | Queue | Scout Cavalry |
| 14:17 | Queue | Spearman |
| 14:42 | Build | Farm |
| 14:45 | Build | Farm |
| 14:52 | Build | House |
| 14:54 | Build | House |
| 15:03 | Build | Town Center |
| 15:12 | Build | Town Center |
| 15:30 | Build | Monastery |
| 15:35 | Queue | Villager (Male) |
| 16:37 | Build | Town Center |
| 16:45 | Queue | Monk |
| 16:46 | Queue | Monk |
| 17:02 | Build | Farm |
| 17:05 | Queue | Villager (Male) |
| 17:07 | Queue | Villager (Male) |
| 17:13 | Build | Farm |
| 17:17 | Build | Farm |
| 17:23 | Build | Farm |
| 17:27 | Build | Farm |
| 17:52 | Queue | Villager (Male) |
| 18:01 | Build | Farm |
| 18:03 | Build | Farm |
| 18:08 | Build | Farm |
| 18:44 | Research | Double-Bit Axe |
| 18:50 | Build | Archery Range |
| 18:57 | Research | Horse Collar |
| 19:14 | Research | Fervor |
| 19:15 | Queue | Monk |
| 19:31 | Queue | Villager (Male) |
| 19:31 | Queue | Villager (Male) |
| 19:31 | Queue | Villager (Male) |
| 19:37 | Build | Farm |
| 19:41 | Build | Farm |
| 19:57 | Queue | Archer |
| 19:57 | Queue | Archer |
| 19:57 | Queue | Archer |
| 19:57 | Queue | Archer |
| 20:12 | Queue | Villager (Male) |
| 20:12 | Queue | Villager (Male) |
| 20:21 | Build | Farm |
| 20:26 | Build | Farm |
| 20:59 | Research | Fletching |
| 20:59 | Research | Padded Archer Armor |
| 21:04 | Queue | Villager (Male) |
| 21:21 | Queue | Villager (Male) |
| 21:23 | Queue | Villager (Male) |
| 21:31 | Build | Farm |
| 21:33 | Build | Farm |
| 21:34 | Build | Farm |
| 21:40 | Build | Farm |
| 21:45 | Build | Farm |
| 22:03 | Queue | Villager (Male) |
| 22:04 | Queue | Villager (Male) |
| 22:04 | Queue | Villager (Male) |
| 22:04 | Queue | Villager (Male) |
| 22:04 | Queue | Villager (Male) |
| 22:16 | Queue | Villager (Male) |
| 22:31 | Queue | Villager (Male) |
| 22:32 | Queue | Villager (Male) |
| 22:37 | Build | Farm |
| 22:38 | Build | Farm |
| 22:59 | Research | Bodkin Arrow |
| 23:01 | Research | Crossbowman (upgrade) |
| 23:06 | Build | House |
| 23:07 | Build | House |
| 23:09 | Build | House |
| 23:09 | Build | House |
| 23:14 | Build | Farm |
| 23:16 | Build | Farm |
| 23:42 | Research | Sanctity |
| 24:01 | Queue | Villager (Male) |
| 24:01 | Queue | Villager (Male) |
| 24:01 | Queue | Villager (Male) |
| 24:01 | Queue | Villager (Male) |
| 24:02 | Queue | Villager (Male) |
| 24:07 | Build | Farm |
| 24:08 | Build | Farm |
| 24:24 | Research | Heavy Plow |
| 24:26 | Research | Bow Saw |
| 24:32 | Build | Farm |
| 24:46 | Queue | Villager (Male) |
| 24:47 | Queue | Villager (Male) |
| 24:47 | Queue | Villager (Male) |
| 24:47 | Queue | Villager (Male) |
| 24:54 | Build | Farm |
| 25:09 | Queue | Villager (Male) |
| 25:09 | Queue | Villager (Male) |
| 25:09 | Queue | Villager (Male) |
| 25:22 | Queue | Villager (Male) |
| 25:23 | Queue | Villager (Male) |
| 25:42 | Build | University |
| 25:51 | Build | Outpost |
| 25:53 | Build | Outpost |
| 25:55 | Build | Outpost |
| 25:55 | Build | Outpost |
| 26:00 | Queue | Villager (Male) |
| 26:00 | Queue | Villager (Male) |
| 26:00 | Queue | Villager (Male) |
| 26:02 | Queue | Villager (Male) |
| 26:02 | Queue | Villager (Male) |
| 26:05 | Build | Lumber Camp |
| 26:10 | Build | Lumber Camp |
| 26:21 | Queue | Villager (Male) |
| 26:22 | Queue | Villager (Male) |
Build order — Lord6
First 150 of 355 actions detected
| 0:00 | Queue | Villager (Male) |
| 0:02 | Build | House |
| 0:03 | Build | House |
| 0:12 | Queue | Villager (Male) |
| 0:13 | Queue | Villager (Male) |
| 0:13 | Queue | Villager (Male) |
| 1:23 | Queue | Villager (Male) |
| 1:52 | Queue | Villager (Male) |
| 2:12 | Build | Lumber Camp |
| 2:18 | Queue | Villager (Male) |
| 2:41 | Queue | Villager (Male) |
| 3:05 | Queue | Villager (Male) |
| 3:26 | Queue | Villager (Male) |
| 3:39 | Queue | Villager (Male) |
| 3:47 | Build | House |
| 4:12 | Queue | Villager (Male) |
| 4:17 | Build | Mill |
| 4:42 | Queue | Villager (Male) |
| 4:42 | Queue | Villager (Male) |
| 4:54 | Queue | Villager (Male) |
| 5:18 | Queue | Villager (Male) |
| 5:23 | Build | Farm |
| 5:32 | Build | Farm |
| 5:34 | Build | Farm |
| 5:37 | Queue | Villager (Male) |
| 5:54 | Build | House |
| 6:09 | Queue | Villager (Male) |
| 6:22 | Build | House |
| 6:42 | Queue | Villager (Male) |
| 6:50 | Queue | Villager (Male) |
| 6:51 | Build | Farm |
| 7:24 | Queue | Villager (Male) |
| 7:25 | Queue | Villager (Male) |
| 7:39 | Build | Farm |
| 7:42 | Queue | Villager (Male) |
| 7:58 | Build | Farm |
| 8:02 | Queue | Villager (Male) |
| 8:03 | Queue | Villager (Male) |
| 8:11 | Queue | Villager (Male) |
| 8:11 | Queue | Villager (Male) |
| 8:24 | Build | Farm |
| 8:37 | Queue | Villager (Male) |
| 8:37 | Queue | Villager (Male) |
| 8:43 | Queue | Villager (Male) |
| 8:48 | Build | Farm |
| 9:08 | Queue | Villager (Male) |
| 9:08 | Queue | Villager (Male) |
| 9:13 | Build | Farm |
| 9:23 | Research | Loom |
| 9:39 | Build | Farm |
| 10:06 | Build | Mining Camp |
| 11:03 | Research | Feudal Age |
| 12:00 | Build | House |
| 12:01 | Build | House |
| 12:01 | Build | House |
| 12:18 | Build | Farm |
| 12:36 | Build | Farm |
| 13:26 | Research | Wheelbarrow |
| 13:26 | Research | Wheelbarrow |
| 13:31 | Build | Market |
| 13:36 | Build | Barracks |
| 14:06 | Build | Blacksmith |
| 14:19 | Build | Farm |
| 14:41 | Research | Castle Age |
| 15:12 | Research | Double-Bit Axe |
| 15:15 | Research | Horse Collar |
| 15:38 | Queue | Spearman ×2 |
| 15:47 | Queue | Spearman ×2 |
| 15:59 | Queue | Spearman |
| 16:12 | Queue | Villager (Male) |
| 16:18 | Queue | Villager (Male) |
| 16:35 | Queue | Villager (Male) |
| 17:23 | Build | Monastery |
| 17:28 | Build | Town Center |
| 17:32 | Build | Town Center |
| 17:42 | Research | Pikeman (upgrade) |
| 18:14 | Queue | Monk |
| 18:20 | Queue | Villager (Male) |
| 18:38 | Queue | Villager (Male) |
| 18:40 | Queue | Villager (Male) |
| 18:40 | Queue | Villager (Male) |
| 18:42 | Queue | Villager (Male) |
| 18:43 | Queue | Villager (Male) |
| 18:44 | Queue | Villager (Male) |
| 18:50 | Queue | Villager (Male) |
| 19:05 | Queue | Villager (Male) |
| 19:10 | Queue | Monk |
| 19:21 | Build | Farm |
| 19:22 | Build | Farm |
| 19:23 | Build | Farm |
| 19:28 | Build | House |
| 19:29 | Build | House |
| 19:29 | Build | House |
| 19:32 | Queue | Villager (Male) |
| 19:33 | Queue | Villager (Male) |
| 19:34 | Queue | Villager (Male) |
| 19:45 | Build | Farm |
| 19:46 | Build | Farm |
| 19:47 | Build | Farm |
| 20:13 | Queue | Villager (Male) |
| 20:14 | Queue | Villager (Male) |
| 20:14 | Queue | Villager (Male) |
| 20:22 | Queue | Villager (Male) |
| 20:32 | Queue | Villager (Male) |
| 20:42 | Queue | Villager (Male) |
| 20:46 | Queue | Villager (Male) |
| 20:54 | Build | Farm |
| 20:56 | Build | Farm |
| 20:56 | Build | Farm |
| 20:57 | Build | Farm |
| 21:00 | Build | House |
| 21:00 | Build | House |
| 21:01 | Build | House |
| 21:01 | Build | House |
| 21:04 | Queue | Villager (Male) |
| 21:05 | Queue | Villager (Male) |
| 21:16 | Build | Farm |
| 21:17 | Build | Farm |
| 21:18 | Build | Farm |
| 21:20 | Build | Farm |
| 21:23 | Queue | Villager (Male) |
| 21:23 | Queue | Villager (Male) |
| 21:24 | Queue | Villager (Male) |
| 21:38 | Queue | Villager (Male) |
| 21:39 | Queue | Villager (Male) |
| 21:46 | Queue | Villager (Male) |
| 21:54 | Queue | Villager (Male) |
| 21:58 | Queue | Villager (Male) |
| 22:04 | Queue | Villager (Male) |
| 22:10 | Build | Mill |
| 22:16 | Build | Farm |
| 22:17 | Build | Farm |
| 22:18 | Build | Farm |
| 22:19 | Build | Farm |
| 22:20 | Build | Farm |
| 22:22 | Queue | Villager (Male) |
| 22:23 | Queue | Villager (Male) |
| 22:24 | Queue | Villager (Male) |
| 22:38 | Queue | Villager (Male) |
| 22:38 | Queue | Villager (Male) |
| 22:39 | Queue | Villager (Male) |
| 22:41 | Queue | Villager (Male) |
| 22:49 | Build | House |
| 22:50 | Build | House |
| 22:51 | Build | House |
| 23:06 | Research | Hand Cart |
| 23:21 | Build | Farm |
| 23:23 | Build | Farm |
| 23:26 | Research | Heavy Plow |
| 23:28 | Queue | Villager (Male) |
Match timeline
| 10:47 | ManyKitten76428 · first_building Barracks |
| 12:56 | ManyKitten76428 · first_building Stable |
| 13:36 | Lord6 · first_building Barracks |
| 15:30 | ManyKitten76428 · first_building Monastery |
| 17:23 | Lord6 · first_building Monastery |
| 18:50 | ManyKitten76428 · first_building Archery Range |
| 22:55 | ManyKitten76428 · first_market_buy 100 food |
| 24:48 | Lord6 · first_building Siege Workshop |
| 29:03 | ManyKitten76428 · first_building Siege Workshop |
| 29:03 | Lord6 · first_building Archery Range |
| 30:45 | Lord6 · first_building Castle |
| 31:11 | ManyKitten76428 · wall_segment Stone Wall x4 |
| 31:12 | ManyKitten76428 · wall_segment Stone Wall x1 |
| 31:12 | ManyKitten76428 · wall_segment Stone Wall x1 |
| 31:13 | ManyKitten76428 · wall_segment Stone Wall x1 |
| 31:13 | ManyKitten76428 · wall_segment Stone Wall x1 |
| 31:14 | ManyKitten76428 · wall_segment Stone Wall x1 |
| 31:15 | ManyKitten76428 · wall_segment Stone Wall x1 |
| 33:29 | Lord6 · first_market_sell 100 wood |
| 33:48 | ManyKitten76428 · wall_segment Stone Wall x1 |
| 33:48 | ManyKitten76428 · wall_segment Stone Wall x1 |
| 33:49 | ManyKitten76428 · wall_segment Stone Wall x1 |
| 33:50 | ManyKitten76428 · wall_segment Stone Wall x1 |
| 33:50 | ManyKitten76428 · wall_segment Stone Wall x1 |
| 33:51 | ManyKitten76428 · wall_segment Stone Wall x1 |
| 33:51 | ManyKitten76428 · wall_segment Stone Wall x1 |
| 33:52 | ManyKitten76428 · wall_segment Stone Wall x1 |
| 33:53 | ManyKitten76428 · wall_segment Stone Wall x1 |
| 33:53 | ManyKitten76428 · wall_segment Stone Wall x1 |
| 33:54 | ManyKitten76428 · wall_segment Stone Wall x1 |
| 33:54 | ManyKitten76428 · wall_segment Stone Wall x1 |
| 33:55 | ManyKitten76428 · wall_segment Stone Wall x1 |
| 34:28 | ManyKitten76428 · first_building Castle |
| 41:54 | ManyKitten76428 · resign |
[ AI ANALYSIS · 1 CREDIT ]
What really happened in this match?
Wolo.gg analyzes every decision: build order, eco, micro, common mistakes by bracket. Personalized analysis on WhatsApp or Discord in 30 seconds.
Civ guide
Bohemians
Perfil
Jugador #15948060